Map: [ESL] Ghost River

Players

Coffee

  • Race: Protoss Protoss
  • Spawn Location: 1:00

Oliveira - Winner!

  • Race: Terran Terran
  • Spawn Location: 11:00

Event: ESL SC2 Masters 2024 Spring (Regional)

VOD

Have the link to the VOD?

Description

Time

  • Played on: April 28, 2024, 7:52 a.m.
  • Length: 6:02

All games in this series

Show
View Real Time Build Order
Export as new Build Order

Coffee Protoss 

Build Orders: 1 Gate Expand 

Get SALT Encoding   

  12  0:00  Probe  
  13  0:12  Probe  
  14  0:17  Pylon  
  14  0:24  Probe (Chrono Boost)  
  15  0:37  Probe (Chrono Boost)  
  15  0:38  Gateway  
  16  0:45  Probe (Chrono Boost)  
  16  0:48  Assimilator  
  17  0:51  Probe  
  18  1:03  Probe  
  19  1:15  Probe  
  20  1:25  Cybernetics Core  
  20  1:27  Zealot  
  22  1:43  Nexus  
  22  1:49  Pylon  
  22  1:54  Assimilator  
  22  1:59  Probe  
  23  2:04  Stalker (Chrono Boost)  
  25  2:09  Warp Gate (Chrono Boost)  
  25  2:14  Probe  
  26  2:25  Stalker (Chrono Boost)  
  26  2:26  Probe  
  29  2:38  Probe  
  30  2:50  Gateway  
  30  2:52  Gateway  
  30  2:53  Pylon  
  30  2:58  Probe  
  31  3:00  Probe  
  31  3:14  Probe x2  
  32  3:26  Probe x2  
  34  3:38  Probe x2  
  34  3:56  Stalker x3  
  34  3:58  Probe (Chrono Boost)  
  42  4:03  Probe (Chrono Boost)  
  42  4:09  Probe (Chrono Boost), Twilight Council  
  43  4:12  Probe (Chrono Boost)  
  43  4:14  Probe (Chrono Boost)  
  45  4:22  Probe  
  45  4:23  Pylon  
  46  4:25  Probe  
  47  4:34  Probe  
  47  4:35  Nexus  
  47  4:37  Probe  
  49  4:41  Charge (Chrono Boost)  
  49  4:43  Stalker  
  51  4:51  Probe x2  
  53  4:59  Robotics Facility  
  53  5:00  Sentry  
  53  5:01  Sentry  
  53  5:03  Probe x2  
  53  5:06  Pylon  
  59  5:10  Zealot  
  57  5:15  Probe  
  58  5:23  Zealot  
  58  5:24  Zealot  
  62  5:31  Zealot  
  64  5:40  Probe x2, Pylon  
  66  5:44  Zealot x2  
  70  5:50  Pylon x2  
Show
View Real Time Build Order
Export as new Build Order

Oliveira Terran - Winner!

Build Orders: Cyclone Opening 

Get SALT Encoding   

  12  0:00  SCV  
  13  0:12  SCV  
  14  0:17  Supply Depot  
  14  0:24  SCV  
  15  0:39  SCV  
  15  0:41  Barracks  
  16  0:43  Refinery  
  16  0:51  SCV  
  17  1:03  SCV  
  18  1:15  SCV  
  19  1:29  Orbital Command, Marine  
  20  1:41  Command Center  
  20  1:47  Reaper  
  20  1:52  Supply Depot  
  21  1:55  SCV  
  22  2:07  SCV  
  22  2:08  Factory  
  23  2:13  Refinery  
  23  2:19  SCV  
  24  2:22  Barracks Reactor  
  24  2:30  Barracks  
  24  2:31  SCV  
  25  2:43  SCV  
  26  2:51  Cyclone  
  26  2:53  Orbital Command  
  26  2:55  SCV  
  29  2:59  Marine x2  
  31  3:07  SCV  
  32  3:17  Barracks Tech Lab  
  32  3:19  SCV  
  33  3:22  Marine x2  
  33  3:23  Orbital Command  
  33  3:24  Factory Tech Lab  
  34  3:28  Bunker  
  34  3:32  SCV  
  35  3:35  Supply Depot  
  35  3:36  Stimpack  
  35  3:37  Marine  
  35  3:39  Marine x2  
  38  3:43  Siege Tank  
  38  3:45  SCV  
  38  3:48  SCV  
  43  3:54  Marine  
  43  3:57  Marine, SCV  
  45  4:05  Supply Depot, SCV, Starport  
  47  4:10  SCV  
  47  4:14  Marine x2  
  49  4:18  SCV  
  49  4:19  Siege Tank  
  49  4:20  Marine  
  54  4:27  SCV  
  54  4:30  Supply Depot  
  55  4:31  SCV  
  55  4:32  Marine  
  55  4:34  Marine  
  55  4:38  Engineering Bay  
  58  4:39  SCV  
  58  4:41  Marine  
  58  4:43  Medivac  
  62  4:48  Refinery  
  62  4:51  Supply Depot  
  62  4:52  SCV  
  63  4:54  Barracks  
  63  4:55  SCV  
  63  4:56  Marine  
  65  5:00  Marine  
  65  5:01  Marine  
  65  5:04  SCV  
  67  5:07  SCV  
  67  5:11  Factory Reactor  
  67  5:14  Missile Turret, Marine  
  67  5:16  SCV  
  67  5:17  Starport Reactor  
  67  5:18  Marine  
  67  5:21  SCV  
  70  5:26  Marine  
  71  5:29  SCV  
  72  5:36  SCV  
  72  5:39  Supply Depot, Marine x2  
  72  5:40  Supply Depot  
  75  5:43  Marine  
Tags
 
Add a new tag
Caveats
  • Supply blocks, unpowered buildings, or Contaminate may cause inaccurate times.
  • Supply counts are checked every 10 seconds.